AoeStats
← Skywa1keR

Arabia

504930093Analyzed
1v1 RM · 25d ago on Sep 7, 2026· 18m 3s· 2 players
Game mode
Random Map
Map size
Tiny (2 player)
Population
200
Speed
Normal
Resources
Standard
Victory
Conquest
Starting age
Dark Age
Ending age
Imperial Age
RankedLock teamsTeams togetherTeam positionsShared explorationLock speedFull tech treeHidden civsTurbo modeCheats
Victory
Defeat
🇺🇸 Ethiopians · United States
552
+17
🇦🇷 Franks · Argentina
573
-17
Skywa1keR
10:48 Loom
12:39 Feudal Age
14:46 Fletching
14:57 Padded Archer Armor
Cannabi <3
5:50 Loom
10:16 Feudal Age
11:21 Stone Mining
12:22 Double-Bit Axe
14:13 Gold Mining
15:40 Wheelbarrow
15:22 Town Watch
Connection lost

Rejoining the realm…

Still unreachable

The connection could not be restored.

Session expired

The server has moved on; the page needs a fresh start.